 Dungeon Crawl Stone Soup version 0.28.0-47-ge53b351184 (webtiles) character file.

Game seed: 11562140357861161766

1282 101zpm the Magician (level 8, -10/50 HPs)
             Began as a Djinni Fire Elementalist on Apr 30, 2022.
             Mangled by a wight
             ... wielding a +2 dire flail of freezing
              (15 damage)
             ... on level 5 of the Dungeon.
             The game lasted 00:20:16 (9230 turns).

101zpm the Magician (Djinni Fire Elementalist)      Turns: 9230, Time: 00:20:17

Health: -10/50     AC:  4    Str:  7    XL:     8   Next: 84%
Gold:   609        EV: 12    Int: 20    God:
                   SH:  0    Dex: 17

rFire   + + .      SeeInvis .   (no weapon)
rCold   x . .      Faith    .   (no shield)
rNeg    . . .      Spirit   .   r - +0 leather armour of the Original Sin {Dex+4 Slay-4}
rPois   ∞          Reflect  .   o - +0 helmet
rElec   .          Harm     .   (no cloak)
rCorr   .          Rampage  .   (no gloves)
Will    .....                   (boots unavailable)
Stlth   ++........              (no amulet)
HPRegen 0.16/turn               (no ring)
MPRegen 0.00/turn               (no ring)

@: about to teleport, flying
A: sickness immunity, fire resistance 2, cold vulnerability 1, float, innate
caster, HP casting, extra vitality 1
a: no special abilities


You were on level 5 of the Dungeon.
You visited 1 branch of the dungeon, and saw 5 of its levels.

You collected 609 gold pieces.

Inventory:

Missiles
 g - 2 throwing nets
Armour
 a - a +0 robe
 e - an orb of energy
 o - a +0 helmet (worn)
 r - the +0 leather armour of the Original Sin (worn) {Dex+4 Slay-4}
   (You found it on level 5 of the Dungeon)

   Dex:       It affects your dexterity (+4).
   Slay:      It affects your accuracy & damage with ranged weapons and melee
   (-4).
Jewellery
 m - a ring of ice
Wands
 s - a wand of flame (14)
Scrolls
 b - a scroll of blinking {unknown}
 c - 6 scrolls of identify
 d - a scroll of fear
 h - a scroll of teleportation
 k - a scroll of vulnerability {unknown}
 l - a scroll of acquirement {unknown}
 q - a scroll of immolation {unknown}
 t - a scroll of fog {unknown}
Potions
 f - a potion of magic
 i - 2 potions of curing
 j - a potion of cancellation {unknown}
 n - a potion of resistance {unknown}
 p - a potion of might {unknown}


   Skills:
 + Level 0.6 Armour
 + Level 2.6 Dodging
 + Level 3.0 Stealth
 + Level 7.7 Spellcasting


You had 3 spell levels left.
You knew the following spells:

 Your Spells              Type           Power      Damage    Failure   Level
a - Foxfire               Conj/Fire      100%       2x1d9     1%          1
b - Scorch                Fire           76%        2d9       1%          2
c - Conjure Flame         Conj/Fire      38%        6-21      1%          3
d - Inner Flame           Hex/Fire       38%        N/A       1%          3
e - Flame Wave            Conj/Fire      38%        2d9       5%          4
f - Shock                 Conj/Air       100%       1d9       1%          1
g - Searing Ray           Conj           76%        2d7       1%          2
h - Confusing Touch       Hex            38%        N/A       1%          3
Your spell library was empty.

Dungeon Overview and Level Annotations

Branches:
Dungeon (5/15)             Temple (0/1) D:5

Altars:
Kikubaaqudgha


Innate Abilities, Weirdness & Mutations

You are immune to sickness and miasma.
You are immune to poison.
Your flesh is very heat resistant. (rF++)
You are vulnerable to cold. (rC-)
You float through the air rather than walking.
You learn spells naturally, not from books.
Your magical power is your life essence.
You have superior vitality. (+4 MHP)


Message History

Your foxfire dissipates!
Casting: Foxfire (safe; 1% risk of failure)
Press: ? - help, Q - select action, (/) - cycle Dir - look around, f - activate You conjure some foxfire!
* * * LOW HITPOINT WARNING * * *
The foxfire hits the wight.
Flame seeps out of the wight.
The wight is lightly damaged.
Your foxfire dissipates!
The wight is engulfed in blazing flames.
Flame seeps out of the wight.
The black bear seems to regain its courage.
Cornered, the black bear turns to fight!
Found 4 gold pieces.
The wight's inner flame fades away.
The shadow imp seems to regain its courage.
You see here 4 gold pieces.
Attack: -) Nothing wielded
Press: ? - help, Dir - move target, f - you
Okay, then.
Aiming: Throw Flame
Press: ? - help, Shift-Dir - straight line, f - wight
Aim: a wight, wielding a +2 dire flail of freezing and wearing a +0 robe (severely damaged, 68% to hit)
The puff of flame hits the wight but does no damage.
The wight is severely damaged.
As you read the scroll labelled QIRGHU OGEU, it crumbles to dust.
It is a scroll of identify.
h - 2 scrolls of teleportation The wight hits you with a +2 dire flail of freezing.
* * * LOW HITPOINT WARNING * * *
The wight freezes you.
* * * LOW HITPOINT WARNING * * *
You feel better.
The wight hits you with a +2 dire flail of freezing.
* * * LOW HITPOINT WARNING * * *
The wight freezes you.
* * * LOW HITPOINT WARNING * * *
As you read the scroll of teleportation, it crumbles to dust.
You feel strangely unstable.
The wight hits you with a +2 dire flail of freezing!
You die...

#.#.# #.# #.#.# #.#
#.#.####### ###.# #.<........
..#.#
########.################.##.#
.[.............#z...hz.z5..#.#
########.#####.#h#######.#.#.#
#.# #z# #.# #.# #.# #@# #z#
#.# #.# #.# #.# #.# #.# #.#
#z# #.# # #.. ######### #.#
#.# # ### #...>...# #(# #.# #
#.......# #.# #.# # #.#...#.#
#.# #.# # #.......# #.# #.# #
#(......# #.# #.#


You could see a black bear and 2 wights.

Vanquished Creatures
  A sky beast (D:5)
  2 necrophages (D:4)
  A centaur (D:5)
  2 ogres
  2 scorpions
  A wight (D:5)
  A centaur skeleton (D:4)
  A gnoll shaman (D:5)
  3 iguanas
  A jelly (D:5)
  2 orc wizards (D:3)
  A hound skeleton (D:5)
  Robin (D:2)
  18 gnolls
  9 adders
  A white imp (D:5)
  A worm (D:2)
  3 dart slugs (D:2)
  9 orcs
  7 endoplasms
  4 giant cockroaches
  18 goblins
  9 hobgoblins
  3 jackals (D:1)
  4 quokkas
  9 ball pythons
  7 bats
  A frilled lizard (D:3)
  9 kobolds
  5 rats
136 creatures vanquished.

Vanquished Creatures (collateral kills)
  7 foxfires (D:1)
7 creatures vanquished.

Vanquished Creatures (others)
  448 foxfires
  4 fungi (D:1)
  4 plants (D:1)
456 creatures vanquished.

Grand Total: 599 creatures vanquished

Notes
Turn   | Place    | Note
-------+----------+-------------------------------------------
     0 | D:1      | 101zpm the Djinni Fire Elementalist began the quest for the
                  | Orb.
     0 | D:1      | Reached XP level 1. HP: 15/15 MP: 0/0
   347 | D:1      | Reached XP level 2. HP: 17/21 MP: 0/0
   960 | D:1      | Found a faded altar of an unknown god.
  1462 | D:1      | Reached XP level 3. HP: 20/25 MP: 0/0
  1462 | D:1      | Learned a level 1 spell: Shock
  1828 | D:1      | Reached skill level 3 in Spellcasting
  2584 | D:2      | Reached XP level 4. HP: 5/31 MP: 0/0
  3002 | D:2      | Noticed Robin
  3005 | D:2      | Killed Robin
  3450 | D:2      | Reached XP level 5. HP: 29/35 MP: 0/0
  3450 | D:2      | Learned a level 2 spell: Searing Ray
  4435 | D:3      | Reached skill level 4 in Spellcasting
  5542 | D:4      | Reached XP level 6. HP: 30/40 MP: 0/0
  5861 | D:4      | Noticed an ogre
  5866 | D:4      | Killed an ogre
  5867 | D:4      | Reached skill level 5 in Spellcasting
  6246 | D:4      | Noticed a necrophage
  6255 | D:4      | Killed a necrophage
  6256 | D:4      | Reached XP level 7. HP: 36/45 MP: 0/0
  6256 | D:4      | Learned a level 3 spell: Confusing Touch
  6860 | D:4      | Reached skill level 6 in Spellcasting
  7691 | D:5      | Entered Level 5 of the Dungeon
  7721 | D:5      | Reached XP level 8. HP: 38/50 MP: 0/0
  7843 | D:5      | Identified the +4 dagger "Mimodiota" {freeze, rC+ Int+4}
  7957 | D:5      | Reached skill level 7 in Spellcasting
  8365 | D:5      | Found a staircase to the Ecumenical Temple.
  8436 | D:5      | Identified the +0 leather armour of the Original Sin {Dex+4
                  | Slay-4}
  9199 | D:5      | HP: 2/50 [wight/+0 mace (2)]
  9228 | D:5      | HP: 1/50 [wight/+2 dire flail of freezing (3)]
  9230 | D:5      | Mangled by a wight

Illustrated notes

Levels and vault maps discovered:
D:1:      ebering_trefoil_3fold, layout_loops_ring,
          dreamdust_ecumenical_altar_grove, minmay_tripent
D:2:      layout_basic, uniq_robin
D:3:      layout_basic, mainiacjoe_overflow_concentric_impassable
D:4:      minmay_polygon_palace, layout_basic
D:5:      layout_basic, temple_hall

Skill      XL: |  1  2  3  4  5  6  7  8 |
---------------+-------------------------+-----
Stealth        | 2 3 |  3.0
Spellcasting   | 3 4 5 6 7 |  7.7
Armour         | |  0.6
Dodging        | |  2.6

Action                   |  1- 3 |  4- 6 |  7- 9 || total
-------------------------+-------+-------+-------++-------
Melee: Unarmed           |     4 |     1 |       ||     5
 Cast: Foxfire           |   105 |   113 |    87 ||   305
       Scorch            |    14 |    10 |    11 ||    35
       Inner Flame       |       |    27 |    45 ||    72
       Confusing Touch   |       |       |     1 ||     1
       Searing Ray       |       |       |     1 ||     1
Evoke: Wand              |       |       |     1 ||     1
  Use: Potion            |       |       |     4 ||     4
       Scroll            |       |       |     3 ||     3
Armor: Robe              |     2 |     3 |     4 ||     9
       Leather armour    |       |       |     1 ||     1
Dodge: Dodged            |     4 |     9 |    16 ||    29
